 Dungeon Crawl Stone Soup version 0.31-a0-774-g0d66cbabe8 (webtiles) character file.

Game seed: 9431146778536192867

553 snarfax the Chopper (level 7, 0/41 HPs)
             Began as a Gargoyle Fighter on Sept 17, 2023.
             Was a Follower of Zin.
             Engulfed by a steam dragon's steam (13 damage)
             ... on level 4 of the Dungeon.
             The game lasted 00:05:20 (2749 turns).

snarfax the Chopper (Gargoyle Fighter)              Turns: 2749, Time: 00:05:20

Health: 0/41       AC: 15    Str: 22    XL:     7   Next: 29%
Magic:  7/7        EV:  8    Int:  8    God:    Zin [*.....]
Gold:   215        SH:  5    Dex: 15    Spells: 6/6 levels left

rFire   . . .        a - +0 war axe (heavy)
rCold   . . .        c - +0 buckler
rNeg    + . .        p - +0 chain mail
rPois   ∞            (no helmet)
rElec   +            (no cloak)
rCorr   .            i - +0 pair of gloves
SInv    .            (no boots)
Will    .....        (no amulet) Stlth
                     e - +6 ring of dexterity
HPRegen 0.26/turn    (no ring)
MPRegen 0.10/turn

%: no passive effects
@: no status effects
A: sickness immunity, AC +4, negative energy resistance 1, electricity
resistance, torment resistance 1, petrification resistance
a: Renounce Religion, Recite, Donate Gold


You were on level 4 of the Dungeon.
You worshipped Zin.
Zin was aware of your devotion.
You visited 1 branch of the dungeon, and saw 4 of its levels.

You collected 238 gold pieces.
You donated 23 gold pieces to Zin.

Inventory:

Hand Weapons
 a - a +0 heavy war axe (weapon)
Armour
 b - a +0 scale mail
 c - a +0 buckler (worn)
 i - a +0 pair of gloves (worn)
 p - a +0 chain mail (worn)
Jewellery
 e - a +6 ring of dexterity (left hand)
Wands
 n - a wand of flame (29)
Scrolls
 f - 2 scrolls of teleportation
 j - 3 scrolls of identify {unknown}
 m - a scroll of butterflies {unknown}
Potions
 d - 2 potions of might
 g - a potion of resistance {unknown}
 h - 2 potions of curing {unknown}
 k - a potion of magic {unknown}
 l - a potion of brilliance {unknown}
 o - a potion of heal wounds {unknown}


   Skills:
 - Level 3.2 Fighting
 + Level 7.1 Axes
 - Level 3.2 Armour
 - Level 3.2 Shields


You had 6 spell levels left.
You didn't know any spells.
Your spell library contained the following spells:

 Spells                   Type           Power      Damage    Failure   Level
 Shock                    Conj/Air       0%         1d3       98%         1
 Swiftness                Air            0%         N/A       100%        3
 Airstrike                Air            0%         2d(0-16)  100%        4


Dungeon Overview and Level Annotations

Branches:
Dungeon (4/15)
 Temple: D:4-7

Altars:
Qazlal
Zin
The Shining One


Innate Abilities, Weirdness & Mutations

You are immune to sickness and miasma.
Your stone body is resilient. (AC +4)
You are immune to poison.
You resist negative energy. (rN+)
You are resistant to electric shocks. (rElec)
You are resistant to unholy torment.
You are immune to petrification.


Message History

The sky beast misses you.
You slice the sky beast!!
You kill the sky beast!
You have reached level 7!
You see here a sky beast corpse.
Things that are here:
a +0 dagger; a +0 leather armour; an orc corpse An orc wizard comes into view.
It is wielding a +0 dagger.
The orc wizard shouts!
You hear a shout!
The orc wizard gestures at you while chanting.
The puff of flame hits you.
You slice the orc wizard!!
You kill the orc wizard!
The orc wizard hits you but does no damage.
Your Axes skill increases to level 7!
You slice the orc wizard!!
You kill the orc wizard!
No target in view!
Items here: )) [[.
You pay a tithe of 2 gold.
You now have 201 gold pieces (gained 13).
Found a stone staircase leading down.
You pay a tithe of 1 gold.
You now have 215 gold pieces (gained 14).
There is a stone staircase leading down here.
A steam dragon comes into view.
The steam dragon hisses angrily.
The steam dragon breathes steam at you. The ball of steam misses you.
The steam dragon breathes steam at you. The ball of steam hits you!
You are engulfed in a cloud of scalding steam.
The steam dragon barely misses you.
The steam dragon claws you but does no damage.
The steam dragon breathes steam at you. The ball of steam hits you!
You slice the steam dragon!!
The steam dragon is severely wounded.
You are engulfed in a cloud of scalding steam.
You die...

#.....
#.... #...#
#...# #
#...#.#
#...#.###
#........
#@D......
#§§####..
#..# #..#
#.§######
#§.........
#.#######.#
#>##...##.#
#.#.....#.#


You could see a steam dragon (catching breath).

Vanquished Creatures
  A sky beast (D:4)
  2 ogres (D:4)
  A jelly (D:3)
  An iguana (D:3)
  2 orc wizards (D:4)
  4 gnolls
  7 adders
  2 worms
  3 dart slugs
  4 orcs
  7 endoplasms
  6 giant cockroaches
  8 goblins
  9 hobgoblins
  5 kobolds
  A quokka (D:1)
  A ball python (D:3)
  4 bats
  4 frilled lizards
  4 rats
76 creatures vanquished.

Notes
Turn   | Place    | Note
-------+----------+-------------------------------------------
     0 | D:1      | snarfax the Gargoyle Fighter began the quest for the Orb.
     0 | D:1      | Reached XP level 1. HP: 14/14 MP: 1/1
    35 | D:1      | Reached skill level 2 in Axes
   274 | D:1      | Reached XP level 2. HP: 13/19 MP: 2/2
   473 | D:1      | Reached skill level 3 in Axes
   533 | D:1      | Reached XP level 3. HP: 23/23 MP: 3/3
  1119 | D:2      | Found a faded altar of an unknown god.
  1279 | D:2      | Reached XP level 4. HP: 27/28 MP: 4/4
  1290 | D:2      | Reached skill level 4 in Axes
  1688 | D:3      | Identified the +10 spear of the Sage {vamp, rPois Dex+3}
  1713 | D:3      | Reached XP level 5. HP: 27/32 MP: 5/5
  1832 | D:3      | Found a glowing silver altar of Zin.
  1848 | D:3      | Reached skill level 5 in Axes
  2030 | D:3      | Became a worshipper of Zin the Law-Giver
  2030 | D:3      | Reached * piety under Zin
  2252 | D:4      | Reached XP level 6. HP: 37/37 MP: 6/6
  2379 | D:4      | Reached skill level 6 in Axes
  2407 | D:4      | Found a stormy altar of Qazlal.
  2408 | D:4      | Found a glowing golden altar of the Shining One.
  2677 | D:4      | Noticed a sky beast
  2691 | D:4      | Killed a sky beast
  2692 | D:4      | Reached XP level 7. HP: 37/41 MP: 7/7
  2714 | D:4      | Reached skill level 7 in Axes
  2743 | D:4      | Noticed a steam dragon
  2749 | D:4      | Engulfed by a steam dragon's steam

Illustrated notes

Levels and vault maps discovered:
D:1:      mrwooster_arrival_statue, layout_loops_ring, serial_aquarium,
          aquarium_bridge_island_small [aquarium_subvault_small_open,
          aquarium_subvault_wall, aquarium_subvault_bridge,
          aquarium_subvault_balcony, aquarium_subvault_window],
          aquarium_bridge_square [aquarium_subvault_wall,
          aquarium_subvault_bridge, aquarium_subvault_wall,
          aquarium_subvault_bridge], aquarium_window_fake, aquarium_window_1,
          aquarium_view_2f, aquarium_balcony_1a, aquarium_pool_2
D:2:      layout_basic, shapermc_ecumenical_altar_venn, st_stairs_10,
          dreamdust_princess_bridge
D:3:      minmay_octagon_keep, layout_rooms, mainiacjoe_overflow_tiny_flanked
D:4:      layout_loops_ring, gammafunk_temple_overflow_statue

Skill      XL: |  1  2  3  4  5  6  7 |
---------------+----------------------+-----
Axes           | 2 3 4 5 6 7 |  7.1
Fighting       | |  3.2
Armour         | |  3.2
Shields        | |  3.2

Action                     |  1- 3 |  4- 6 |  7- 9 || total
---------------------------+-------+-------+-------++-------
  Melee: War axe           |    88 |   103 |     3 ||   194
    Use: Scroll            |     3 |     1 |       ||     4
         Potion            |       |     1 |       ||     1
 Armour: Scale mail        |    58 |    78 |       ||   136
         Chain mail        |       |    21 |     7 ||    28
  Dodge: Dodged            |    39 |    52 |     2 ||    93
  Block: Buckler           |    15 |    28 |       ||    43

Table legend: (Time is in decaauts)
 A = Elapsed time spent in this place.
 B = Non-inter-level travel time spent in this place.
 C = Inter-level travel time spent in this place.
 D = Time resting spent in this place.
 E = Time spent auto-exploring this place.
 F = Levels seen in this place.
 G = Mean time per level.
                   A        B        C        D        E       F      G
               +--------+--------+--------+--------+--------+-----+--------+
         Total |   2861 |   2740 |    121 |     91 |   2064 |   4 |  715.2 |
       Dungeon |   2861 |   2740 |    121 |     91 |   2064 |   4 |  715.2 |
               +--------+--------+--------+--------+--------+-----+--------+

Top non-repeatable levels by time:
     D:1: 997 daAuts
     D:2: 715 daAuts
     D:3: 623 daAuts
     D:4: 525 daAuts
